 Dungeon Crawl Stone Soup version 0.30-a0-629-gd54f4be4f7 (webtiles) character file.

Game seed: 5843618484724093747

273 bande the Covered (level 6, -5/38 HPs)
             Began as a Gargoyle Fighter on Jan 13, 2023.
             Slain by an ogre
             ... wielding a +0 giant club
              (18 damage)
             ... on level 4 of the Dungeon.
             The game lasted 00:04:21 (2676 turns).

bande the Covered (Gargoyle Fighter)                Turns: 2676, Time: 00:04:21

Health: -5/38      AC: 13    Str: 19    XL:     6   Next: 23%
Magic:  6/6        EV:  9    Int:  9    God:
Gold:   119        SH:  4    Dex: 11    Spells: 5/5 levels left

rFire   + . .      SeeInvis .    a - +1 war axe
rCold   . . .      Faith    .    c - +0 buckler
rNeg    + . .      Spirit   .    b - +0 scale mail
rPois   ∞          Reflect  .    w - +1 helmet
rElec   +          Harm     .    (no cloak)
rCorr   .          Rampage  .    (no gloves)
Will    .....                    (no boots) Stlth
                                 (no amulet)
HPRegen 0.26/turn                n - ring of protection from fire
MPRegen 0.10/turn                (no ring)

@: no status effects
A: sickness immunity, AC +4, negative energy resistance 1, electricity
resistance, torment resistance 1, petrification resistance
a: no special abilities


You were on level 4 of the Dungeon.
You visited 1 branch of the dungeon, and saw 4 of its levels.

You collected 119 gold pieces.

Inventory:

Hand Weapons
 a - a +1 war axe (weapon)
Missiles
 e - a throwing net (quivered)
Armour
 b - a +0 scale mail (worn)
 c - a +0 buckler (worn)
 w - a +1 helmet (worn)
Jewellery
 n - a ring of protection from fire (left hand)
Wands
 m - a wand of flame (20)
 q - a wand of digging (7)
Scrolls
 i - a scroll of teleportation
Potions
 d - a potion of might
 h - a potion of heal wounds {unknown}
 j - 2 potions of brilliance
 p - a potion of haste {unknown}
 r - a potion of lignification {unknown}
 s - a potion of curing {unknown}
 t - a potion of attraction {unknown}
 u - 2 potions of cancellation {unknown}


   Skills:
 + Level 4.1 Fighting
 + Level 3.9 Axes
 + Level 4.3 Armour
 - Level 0.1 Stealth
 + Level 4.2 Shields
 * Level 1.2 Evocations


You had 5 spell levels left.
You didn't know any spells.
Your spell library was empty.

Dungeon Overview and Level Annotations

Branches:
Dungeon (4/15)
 Temple: D:4-7

Altars:
Ashenzari
Gozag


Innate Abilities, Weirdness & Mutations

You are immune to sickness and miasma.
Your stone body is resilient. (AC +4)
You are immune to poison.
You resist negative energy. (rN+)
You are resistant to electric shocks. (rElec)
You are resistant to unholy torment.
You are immune to petrification.


Message History

As you read the scroll labelled UVOETE SOANTUCS, it crumbles to dust.
Your body is wracked with pain!
It was a scroll of torment.
As you read the scroll labelled IFUOX RUUH BEOTHRI, it crumbles to dust.
You feel strangely unstable.
It was a scroll of teleportation.
As you read the scroll labelled XOIMONUELU, it crumbles to dust.
The air around you briefly surges with heat, but it dissipates.
It was a scroll of immolation.
As you read the scroll labelled YTZUF PEQI, it crumbles to dust.
You hear a loud clanging noise!
It was a scroll of noise.
You hear a shout!
You drop a scroll of immolation.
Your surroundings suddenly seem different.
As you read the scroll labelled JODUEP PAXT, it crumbles to dust.
It is a scroll of enchant armour.
Your +0 helmet glows green for a moment.
As you read the scroll labelled UDONTY TERUHOFONE, it crumbles to dust.
It is a scroll of identify.
j - 2 potions of brilliance
As you read the scroll labelled MOFAENW VOLI, it crumbles to dust.
You assume a fearsome visage.
Nothing appears to happen.
It was a scroll of fear.
An ogre comes into view. It is wielding a +0 giant club.
An ogre is nearby!
You closely miss the ogre.
The ogre shouts!
The ogre barely misses you.
A jelly comes into view.
You barely miss the ogre. The ogre hits you with a +0 giant club!
You barely miss the ogre. The ogre hits you with a +0 giant club!
You are too injured to fight recklessly!
You are too injured to fight recklessly!
You are too injured to fight recklessly!
You are too injured to fight recklessly!
You are too injured to fight recklessly!
You are too injured to fight recklessly!
You slash the ogre!
The ogre is moderately wounded.
The ogre hits you with a +0 giant club!!
You die...

............)))##.#
....>..........##'#
#......####.......
....# .........
....++.........
....##.........
...##......###
#.#####..####......
.
#....@......+......
######O....## ....
J.....# ......#
......# ......#
......# ......#


You could see an ogre and a jelly.

Vanquished Creatures
  A scorpion (D:4)
  2 hounds
  An iguana (D:4)
  Robin (D:4)
  2 adders
  4 worms
  An orc (D:4)
  7 ball pythons
  2 endoplasms (D:2)
  A giant cockroach (D:2)
  15 goblins
  11 hobgoblins
  6 jackals
  10 kobolds
  A quokka (D:2)
  8 bats
  2 frilled lizards
  4 rats
79 creatures vanquished.

Vanquished Creatures (others)
  A plant (D:4)
1 creature vanquished.

Grand Total: 80 creatures vanquished

Notes
Turn   | Place    | Note
-------+----------+-------------------------------------------
     0 | D:1      | bande the Gargoyle Fighter began the quest for the Orb.
     0 | D:1      | Reached XP level 1. HP: 14/14 MP: 1/1
    81 | D:1      | Reached XP level 2. HP: 18/19 MP: 2/2
   343 | D:1      | Reached XP level 3. HP: 23/23 MP: 3/3
   681 | D:2      | Identified the +2 sling of Accord {elec, +Blink rN+ Dex-2}
   793 | D:2      | Found an opulent altar of Gozag.
   811 | D:2      | Reached XP level 4. HP: 16/29 MP: 4/4
  1499 | D:3      | Found a broken altar of Ashenzari.
  1520 | D:3      | Reached XP level 5. HP: 33/33 MP: 5/5
  2241 | D:4      | Reached skill level 1 in Evocations
  2244 | D:4      | Reached XP level 6. HP: 17/38 MP: 6/6
  2347 | D:4      | Noticed Robin
  2365 | D:4      | Killed Robin
  2676 | D:4      | Slain by an ogre

Illustrated notes

Levels and vault maps discovered:
D:1:      dpeg_arrival_pits, layout_rooms, kennysheep_decorative_pillar,
          interstate_on_off, grunt_decor_clamped
D:2:      layout_loops_cross, basic_altar, grunt_decor_fettered,
          minmay_strange_pillars, corexii_shack, kennysheep_generic_room_15
D:3:      layout_loops_ring, nicolae_ashenzari_panopticon, nicolae_titane
D:4:      layout_basic, nicolae_uskayaw_dance_hall, serial_bayou_pond_b,
          minmay_pentomino_pile, uniq_robin

Skill      XL: |  1  2  3  4  5 |
---------------+----------------+-----
Axes           | 2 3 |  3.9
Shields        | 4 |  4.2
Fighting       | 4 |  4.1
Armour         | 4 |  4.3
Evocations     | 1 |  1.2
Stealth        | |  0.1

Action                   |  1- 3 |  4- 6 || total
-------------------------+-------+-------++-------
Melee: War axe           |   108 |   121 ||   229
  Use: Scroll            |       |     8 ||     8
Armor: Scale mail        |    73 |    75 ||   148
Dodge: Dodged            |    79 |    59 ||   138
Block: Buckler           |    29 |    34 ||    63

Table legend: (Time is in decaauts)
 A = Elapsed time spent in this place.
 B = Non-inter-level travel time spent in this place.
 C = Inter-level travel time spent in this place.
 D = Time resting spent in this place.
 E = Time spent auto-exploring this place.
 F = Levels seen in this place.
 G = Mean time per level.
                   A        B        C        D        E       F      G
               +--------+--------+--------+--------+--------+-----+--------+
         Total |   2766 |   2766 |      0 |    337 |   1793 |   4 |  691.5 |
       Dungeon |   2766 |   2766 |      0 |    337 |   1793 |   4 |  691.5 |
               +--------+--------+--------+--------+--------+-----+--------+

Top non-repeatable levels by time:
     D:3: 819 daAuts
     D:2: 800 daAuts
     D:1: 680 daAuts
     D:4: 466 daAuts
